 Dungeon Crawl Stone Soup version 0.17-a0-1020-ge683cc4 (webtiles) character file.

30 Ngotmuk the Shield-Bearer (level 3, -3/34 HPs)
             Began as a Deep Dwarf Fighter on May 17, 2015.
             Slain by a gnoll
             ... wielding a +0 halberd of venom
              (10 damage)
             ... on level 2 of the Dungeon.
             The game lasted 00:02:07 (687 turns).

Ngotmuk the Shield-Bearer (Deep Dwarf Fighter)       Turns: 687, Time: 00:02:07

Health: -3/34      AC: 13    Str: 20    XL:     3   Next: 3%
Magic:  3/3        EV:  5    Int:  8    God:
Gold:   61         SH:  9    Dex: 12    Spells: 0 memorised, 2 levels left

rFire  . . .     SeeInvis .     a - +0 war axe
rCold  . . .     Clarity  .     j - +0 chain mail
rNeg   . . .     SustAb   .     c - +0 shield
rPois  .         Gourm    .     (no helmet)
rElec  .         Spirit   .     (no cloak)
rCorr  .         Warding  .     i - +0 pair of gloves
rMut   .         Stasis   .     (no boots)
MR     .....                    (no amulet)
Stlth  ..........               p - +3 ring of protection
                                t - ring of flight

@: lethally poisoned (-3 -> -14), non-regenerating, not resistant to hostile
enchantments, extremely unstealthy
A: damage resistance, recharge devices, sense surroundings 1, slow healing 3
a: Device Recharging, Evoke Flight


You were on level 2 of the Dungeon.
You were not hungry.

You visited 1 branch of the dungeon, and saw 2 of its levels.

You collected 61 gold pieces.

Inventory:

Hand weapons
 a - a +0 war axe (weapon)
Missiles
 w - 8 tomahawks (quivered)
Armour
 c - a +0 shield (worn)
 i - a +0 pair of gloves (worn)
 j - a +0 chain mail (worn)
Jewellery
 l - an uncursed ring of sustain abilities
 p - a +3 ring of protection (right hand)
 t - a ring of flight (left hand)
Magical devices
 e - a wand of heal wounds (5)
Scrolls
 g - 3 scrolls of identify {unknown}
 h - a scroll of enchant weapon {unknown}
 k - 2 scrolls of enchant armour {unknown}
 n - a scroll of remove curse {unknown}
 o - 3 scrolls of fog {unknown}
 q - a scroll of recharging {unknown}
 r - a scroll of immolation {unknown}
 v - a scroll of amnesia {unknown}
Potions
 b - a potion of flight {unknown}
 d - a potion of might
 m - a potion of cancellation {unknown}
 u - a potion of brilliance {unknown}
Comestibles
 f - 2 bread rations
 s - a meat ration


   Skills:
 * Level 3.0 Fighting
 * Level 2.7 Axes
 + Level 3.5 Armour
 + Level 3.7 Shields


You had 2 spell levels left.
You didn't know any spells.

Dungeon Overview and Level Annotations

Branches:
Dungeon (2/15)

Altars:


Innate Abilities, Weirdness & Mutations

You are resistant to damage.
You can recharge devices by infusing magical energy.
You passively map a small area around you.
You do not heal naturally.


Message History

You closely miss the gnoll. The gnoll hits you but does no damage.
The gnoll hits you but does no damage. You block the gnoll's attack.
You hit the gnoll.
The gnoll is moderately wounded.
The gnoll hits you but does no damage.
You are more poisoned.
The gnoll hits you but does no damage.
You slash the gnoll!
The gnoll is almost dead.
You feel very sick. The gnoll hits you but does no damage.
You are lethally poisoned!
The gnoll hits you but does no damage. x2
A quokka comes into view.
You closely miss the gnoll.
The gnoll is almost dead.
* * * LOW HITPOINT WARNING * * *
You feel very sick.
The gnoll hits you from afar with a halberd of venom!
You die...

* #### * , ,, #.#
,.... , * , #.# *
#[. #.# #.# .#* ,##
, #.######.##.# * *
r. #.....#.....# *
*
####.##.#*#.#..##.#
, , ..<.Kgg.#
#.......# * * <
#@###.#...#.# * *
,*#.....#.....###.#
,* * *
#.#.####........#
,, #.#.# ##.#######
* #.#.# #.# . .
,*#.#.# #.# ...##
*. #.#.# #.# .....
#., , #.#.# #.#####
..#. .## #.#.#
#.....#


You could see 2 gnolls, a quokka and a kobold.

Vanquished Creatures
  A worm (D:2)
  3 giant geckos (D:1)
  A goblin (D:1)
  3 hobgoblins (D:1)
  4 jackals (D:1)
  2 kobolds (D:1)
  5 bats (D:1)
  A giant newt (D:1)
  3 rats
23 creatures vanquished.

Notes
Turn   | Place    | Note
--------------------------------------------------------------
     0 | D:1      | Ngotmuk the Deep Dwarf Fighter began the quest for the Orb.
     0 | D:1      | Reached XP level 1. HP: 20/20 MP: 1/1
   117 | D:1      | Reached XP level 2. HP: 25/27 MP: 2/2
   622 | D:2      | Reached XP level 3. HP: 27/34 MP: 3/3
   687 | D:2      | Slain by a gnoll

Vault maps used:
D:1:      sevenhm_arrival_forest_fort_small_5
D:2:      grunt_temple_overflow_diamond

Action                   || total
-------------------------++-------
Melee: War axe           ||    71
